 Dungeon Crawl Stone Soup version 0.25.0-26-g0c896c7088 (webtiles) character file.

Game seed: 10957374371190988069

10236 Exodus22XD the Spear-Bearer (level 11, 0/83 HPs)
             Began as a Demonspawn Gladiator on July 4, 2020.
             Was a High Priest of Uskayaw.
             Slain by an orc warrior
             ... wielding a +0 hand axe
              (14 damage)
             ... on level 10 of the Dungeon.
             The game lasted 00:17:13 (10996 turns).

Exodus22XD the Spear-Bearer (Demonspawn Gladiator) Turns: 10996, Time: 00:17:13

Health: 0/83       AC: 14    Str: 18    XL:     11   Next: 33%
Magic:  16/16      EV: 13    Int:  9    God:    Uskayaw [*****.]
Gold:   338        SH:  0    Dex: 15    Spells: 10/10 levels left

rFire    + . .     SeeInvis .   a - +0 trident
rCold    x . .     Gourm    .   (no shield)
rNeg     . . .     Faith    .   x - +1 scale mail {rPois}
rPois    +         Spirit   .   D - +1 hat
rElec    .         Reflect  .   i - +0 cloak
rCorr    +         Harm     .   (no gloves)
MR       .....                  v - +0 pair of boots
Stlth    ++........             (no amulet)
HPRegen  0.23/turn              b - ring of resist corrosion
MPRegen  0.15/turn              q - ring of fire

@: no status effects
A: claws 1, yellow scales 1, spiny 3
a: Stomp, Line Pass, Grand Finale, Renounce Religion


You were on level 10 of the Dungeon.
You worshipped Uskayaw.
Uskayaw was noncommittal.
You were hungry.

You visited 2 branches of the dungeon, and saw 11 of its levels.
You also visited: Sewer.

You collected 468 gold pieces.
You spent 130 gold pieces at shops.

Inventory:

Hand Weapons
 a - a +0 trident (weapon)
Missiles
 d - 3 throwing nets (quivered)
Armour
 c - a +0 kite shield
 i - a +0 cloak (worn)
 v - a +0 pair of boots (worn)
 x - a +1 scale mail of poison resistance (worn)
 B - a +2 pair of gloves
 D - a +1 hat (worn)
Jewellery
 b - a ring of resist corrosion (left claw)
 q - a ring of fire (right claw)
 E - an uncursed ring of poison resistance {unknown}
 H - an uncursed ring of positive energy {unknown}
Wands
 n - a wand of random effects (32)
 I - a wand of digging (7)
Scrolls
 h - 5 scrolls of teleportation
 j - a scroll of magic mapping
 o - 6 scrolls of remove curse
 p - a scroll of brand weapon
 r - 3 scrolls of enchant weapon
 w - 2 scrolls of noise {unknown}
 y - a scroll of blinking {unknown}
 C - a scroll of fear {unknown}
 G - a scroll of identify
Potions
 e - 3 potions of curing
 g - 2 potions of brilliance
 k - a potion of resistance
 l - a potion of lignification
 m - a potion of haste
 s - 2 potions of flight {unknown}
 t - a potion of ambrosia {unknown}
 z - a potion of degeneration {unknown}
 A - a potion of magic {unknown}
 F - a potion of stabbing {unknown}
Miscellaneous
 u - a phial of floods
Comestibles
 f - 17 rations
 J - 4 chunks of flesh


   Skills:
 + Level 6.4 Fighting
 + Level 10.3 Polearms
 - Level 1.7 Throwing
 + Level 6.6 Armour
 + Level 5.2 Dodging
 + Level 6.0 Stealth
 * Level 3.4 Unarmed Combat
 * Level 7.8 Invocations


You had 10 spell levels left.
You didn't know any spells.
Your spell library contained the following spells:

 Spells                   Type           Power        Failure   Level  Hunger
 Summon Lightning Spire   Summ/Air       #.......     100%        4    #####..
 Silence                  Hex/Air        #.........   100%        5    ######.
 Conjure Ball Lightning   Conj/Air       #.........   100%        6    #######
 Tornado                  Air            #.........   100%        9    #######


Dungeon Overview and Level Annotations

Branches:
Dungeon (10/15)            Temple (0/1) D:7            Lair (1/6) D:9
  Sewer (visited)
    Orc: D:9-12

Altars:
Ashenzari
Cheibriados
Dithmenos
Elyvilon
Fedhas
Gozag
Hepliaklqana
Kikubaaqudgha
Makhleb
Sif Muna
Trog
Uskayaw
Vehumet
Xom
Zin
The Shining One

Shops:
D:5 *


Innate Abilities, Weirdness & Mutations

You have sharp fingernails.
You are partially covered in yellow scales. (AC +2)
You are completely covered in sharp spines.


Message History

Attack whom?
Press: ? - help, Dir - move target cursor, f - orc warrior
Aim: an orc warrior, wielding a +0 hand axe and wearing a +0 chain mail (heavily wounded)
You reach to attack!
You puncture the orc warrior!
The orc warrior is severely wounded.
Attack whom?
Press: ? - help, Dir - move target cursor, f/p - orc warrior
Aim: an orc warrior, wielding a +0 hand axe and wearing a +0 chain mail (severely wounded)
You hit the orc warrior but do no damage.
The orc warrior is severely wounded.
The orc warrior hits you with a +0 hand axe.
* * * LOW HITPOINT WARNING * * *
Attack whom?
Press: ? - help, Dir - move target cursor, f/p - orc warrior
Aim: an orc warrior, wielding a +0 hand axe and wearing a +0 chain mail (severely wounded)
You closely miss the orc warrior.
The orc warrior is severely wounded.
The orc warrior is struck by your spines.
The orc warrior hits you with a +0 hand axe!
You die...

## #.## 8
#...#..
##.......
#..).....
#))(..... #o#
#o#
###@########
#............
#..$.........#
#............#
#............#
+.......>....#
#............#
####.........#
#.....>...#


You could see 2 orc warriors.

Vanquished Creatures
  A queen ant (D:8)
  A two-headed ogre (D:9)
  Pikel (D:9)
  A centaur zombie (D:10)
  A hippogriff (D:9)
  12 yaks
  10 soldier ants (D:8)
  2 water moccasins
  3 porcupines (D:9)
  An ice beast (D:8)
  2 slaves (D:9)
  A black bear (D:9)
  2 phantoms
  2 orc warriors
  6 ogres
  3 centaurs
  2 crocodiles
  A big kobold (D:9)
  5 bullfrogs
  A water moccasin zombie (D:9)
  A wyvern skeleton (D:7)
  6 scorpions
  9 killer bees
  3 howler monkeys
  4 crimson imps
  A quasit (D:9)
  A bullfrog zombie (D:5)
  2 centaur skeletons (D:9)
  4 hounds
  6 jellies
  6 orc wizards
  A human zombie (D:8)
  5 orc priests
  A human skeleton (D:8)
  2 iguanas
  29 worker ants
  A hound skeleton (D:9)
  A mummy (D:8)
  12 adders
  4 shadow imps
  7 oozes
  2 adder zombies
  An adder skeleton (D:7)
  2 worms
  3 dart slugs (D:1)
  13 leopard geckos
  30 orcs
  7 giant cockroaches
  2 goblins (D:1)
  7 hobgoblins
  7 jackals
  2 quokkas (D:8)
  4 ball pythons
  4 bats
  12 frilled lizards
  3 jackal skeletons
  A jackal zombie (D:7)
  11 kobolds
  An orc skeleton (D:8)
  An orc zombie (D:8)
  7 rats
284 creatures vanquished.

Vanquished Creatures (others)
  A slave (D:9)
  A black bear (D:9)
  A scorpion (D:9)
  An adder (D:9)
  44 fungi (D:9)
  25 plants (D:9)
73 creatures vanquished.

Grand Total: 357 creatures vanquished

Notes
Turn   | Place    | Note
-------+----------+-------------------------------------------
     0 | D:1      | Exodus22XD the Demonspawn Gladiator began the quest for the
                  | Orb.
     0 | D:1      | Reached XP level 1. HP: 16/16 MP: 1/1
     6 | D:1      | Noticed a komodo dragon
     6 | D:1      | Noticed a black mamba
     6 | D:1      | Noticed a hound
     7 | D:1      | Noticed a rime drake
   380 | D:1      | Gained mutation: You are partially covered in sharp spines.
                  | [demonic ancestry]
   380 | D:1      | Reached XP level 2. HP: 22/22 MP: 2/2
   385 | D:1      | Reached skill level 3 in Polearms
   922 | D:2      | Gained mutation: You are mostly covered in sharp spines.
                  | [demonic ancestry]
   922 | D:2      | Reached XP level 3. HP: 27/27 MP: 3/3
  1091 | D:2      | Found a shattered altar of Ashenzari.
  1095 | D:2      | Reached skill level 4 in Polearms
  1095 | D:2      | Reached XP level 4. HP: 33/33 MP: 4/4
  2028 | D:3      | Found a blossoming altar of Fedhas.
  2118 | D:3      | Found a glowing golden altar of the Shining One.
  2153 | D:3      | Found a shimmering blue altar of Sif Muna.
  2183 | D:3      | Found a hazy altar of Hepliaklqana.
  2291 | D:4      | Reached skill level 1 in Armour
  2291 | D:4      | Gained mutation: You are partially covered in yellow
                  | scales. (AC +2) [demonic ancestry]
  2291 | D:4      | Reached XP level 5. HP: 39/39 MP: 5/5
  2577 | D:4      | Reached skill level 5 in Polearms
  2629 | D:4      | Reached XP level 6. HP: 42/46 MP: 6/6
  3016 | D:4      | Reached skill level 1 in Stealth
  3061 | D:4      | Found a shadowy altar of Dithmenos.
  3189 | D:5      | Entered Level 5 of the Dungeon
  3267 | D:5      | Gained mutation: You are completely covered in sharp
                  | spines. [demonic ancestry]
  3267 | D:5      | Reached XP level 7. HP: 49/51 MP: 7/7
  3297 | D:5      | Reached skill level 6 in Polearms
  3428 | D:5      | Found a glowing drain.
  3445 | Sewer    | Entered a sewer
  3874 | D:5      | Reached skill level 7 in Polearms
  3920 | D:5      | Reached XP level 8. HP: 47/58 MP: 8/8
  4355 | D:5      | Found Qiritho's General Store.
  4358 | D:5      | Bought a +1 scale mail of poison resistance for 130 gold
                  | pieces
  4734 | D:6      | Found an opulent altar of Gozag.
  5325 | D:6      | Found an ancient bone altar of Kikubaaqudgha.
  5658 | D:7      | Reached skill level 8 in Polearms
  5816 | D:7      | Found a hide-covered altar of Uskayaw.
  5834 | D:7      | Became a worshipper of Uskayaw the Reveler
  5837 | D:7      | Reached * piety under Uskayaw
  5894 | D:7      | Found a white marble altar of Elyvilon.
  5961 | D:7      | Found a staircase to the Ecumenical Temple.
  6222 | D:7      | Noticed a two-headed ogre
  6620 | D:7      | Found a radiant altar of Vehumet.
  6623 | D:7      | Reached skill level 1 in Invocations
  6677 | D:7      | Reached ** piety under Uskayaw
  6704 | D:7      | Found a shimmering altar of Xom.
  6704 | D:7      | Found a glowing silver altar of Zin.
  6704 | D:7      | Noticed an angel
  6791 | D:8      | Reached *** piety under Uskayaw
  6804 | D:8      | Reached **** piety under Uskayaw
  6805 | D:8      | Reached XP level 9. HP: 52/66 MP: 10/10
  6980 | D:8      | Found a bloodstained altar of Trog.
  7019 | D:8      | Reached skill level 5 in Armour
  7024 | D:8      | Reached ***** piety under Uskayaw
  7029 | D:8      | Reached ****** piety under Uskayaw
  7040 | D:8      | Found a snail-covered altar of Cheibriados.
  7087 | D:8      | Reached skill level 5 in Fighting
  7453 | D:8      | Reached skill level 9 in Polearms
  7513 | D:8      | Reached skill level 5 in Invocations
  7515 | D:8      | Gained mutation: You have sharp fingernails. [demonic
                  | ancestry]
  7515 | D:8      | Reached XP level 10. HP: 34/74 MP: 13/13
  7733 | D:8      | Noticed a queen ant
  7759 | D:8      | Killed a queen ant
  7759 | D:8      | Reached skill level 1 in Unarmed Combat
  8181 | D:8      | Found a shimmering blue altar of Sif Muna.
  8442 | D:9      | Noticed a two-headed ogre
  8450 | D:9      | Killed a two-headed ogre
  8450 | D:9      | Reached skill level 5 in Dodging
  8868 | D:9      | Noticed Pikel
  8884 | D:9      | Killed Pikel
  8892 | D:9      | Reached skill level 10 in Polearms
  8915 | D:9      | Found a burning altar of Makhleb.
  8918 | D:9      | Reached skill level 5 in Stealth
  8992 | D:9      | Reached XP level 11. HP: 14/81 MP: 16/16
  9352 | D:9      | Found a staircase to the Lair.
 10122 | Lair:1   | Entered Level 1 of the Lair of Beasts
 10126 | Lair:1   | Noticed a five-headed hydra
 10376 | D:10     | Entered Level 10 of the Dungeon
 10996 | D:10     | Slain by an orc warrior

Illustrated notes

Levels and vault maps discovered:
D:1:      onia_arrival_zoo_common, layout_loops_cross, minmay_strange_pillars
D:2:      layout_basic, old_standard_altar
D:3:      layout_rooms, marbit_many_paths, nicolae_overflow_crystal_walls,
          overflow_temple_1_default, first_ration, led_sif_pool
D:4:      layout_rooms, lemuel_doored_altar
D:5:      layout_loops_ring, serial_shops, nicolae_shop_behind_doors,
          gup_sewer_entry_pipe
D:6:      layout_loops_corners, nicolae_overflow_hidden_temple,
          kiku_gazebo_garden_becter, grunt_ministairs_6, hangedman_decor_points
D:7:      layout_loops_corners, grunt_temple_overflow_order_and_chaos_1,
          overflow_temple_1_default, lemuel_crystal_altar, old_standard_altar,
          temple_doors_e, feat_on_display
D:8:      layout_rooms, lemuel_mausoleum_altar_yredelemnul, slow_altar_1,
          overflow_temple_1_default, basic_altar,
          hangedman_little_slice_of_home, minmay_another_anthill
D:9:      lemuel_upstairs_altar, layout_loops_ring, lemuel_crystal_altar,
          due_lair_maze_entry_diamond, minmay_misc_feat_cross, uniq_pikel
D:10:     layout_basic, david_orc_4, uniq_sonja, uniq_snorg
Lair:1:   beast_lair_carwin_large_4, layout_regular_city

Skill      XL: |  1  2  3  4  5  6  7  8  9 10 11 |
---------------+----------------------------------+-----
Polearms       | 3 4 5 7 8 9 10 | 10.3
Dodging        | 3 4 5 |  5.2
Armour         | 1 2 3 4 5 6 |  6.6
Stealth        | 1 4 5 6 |  6.0
Fighting       | 3 4 5 6 |  6.4
Invocations    | 1 5 7 |  7.8
Unarmed Combat | 2 3 |  3.4
Throwing       | |  1.7

Action                   |  1- 3 |  4- 6 |  7- 9 | 10-12 || total
-------------------------+-------+-------+-------+-------++-------
Melee: Trident           |    63 |   131 |   379 |   385 ||   958
       Punch             |       |       |       |     3 ||     3
Invok: Line Pass         |       |       |     3 |     2 ||     5
  Use: Scroll            |       |       |    11 |       ||    11
       Potion            |       |       |     1 |     1 ||     2
 Stab: Sleeping          |     1 |       |       |     4 ||     5
       Paralysed         |       |       |    18 |    21 ||    39
       Confused          |       |       |     1 |       ||     1
       Distracted        |       |       |       |     1 ||     1
  Eat: Chunk             |     1 |     6 |    12 |     8 ||    27
       Ration            |       |       |     1 |     1 ||     2
Armor: Leather armour    |    11 |     3 |       |       ||    14
       Scale mail        |       |    27 |   118 |   105 ||   250
Dodge: Dodged            |    27 |    46 |   156 |   113 ||   342
